 Dungeon Crawl Stone Soup version 0.23.0 (webtiles) character file.

Game seed: 10636438941940848598

385792 MalarOregon the Impaler (level 22, -1/175 HPs)
             Began as a Merfolk Gladiator on Feb 17, 2019.
             Was the Champion of Okawaru.
             Killed from afar by a battlesphere (5 damage)
             ... created by a tengu reaver
             ... on level 5 of the Vaults.
             The game lasted 02:21:17 (42271 turns).

MalarOregon the Impaler (Merfolk Gladiator)        Turns: 42271, Time: 02:21:18

Health: -1/175     AC: 18    Str: 32    XL:     22   Next: 61%
Magic:  33/33      EV: 30    Int: 11    God:    Okawaru [******]
Gold:   1493       SH: 20    Dex: 20    Spells: 28/36 levels left

rFire    + . .     SeeInvis +   a - +9 demon trident (vamp) {!w}
rCold    + . .     Gourm    .   X - +0 shield {rF+}
rNeg     . . .     Faith    .   L - +5 ring mail "Idwat" {-Cast Regen+ Str+8}
rPois    .         Spirit   .   n - -4 helmet of Ykhleab {+Fly rElec Dex+4}
rElec    +         Reflect  .   g - +1 cloak {MR+}
rCorr    .         Harm     .   A - +2 pair of gloves of the Spider Nest {+Inv Regen+ SInv}
MR       ++++.     NoCast   +   D - +1 pair of boots "Fisyonk" {MR+ Str+4}
Stlth    +.........             w - amulet of the Air {Inacc +Fly rElec EV+5 RMsl}
HPRegen  1.19/turn              S - ring "Tylumisi" {MR+ EV+4}
MPRegen  0.23/turn              o - ring of protection from cold

@: flayed, repel missiles
A: change form in water, swift swim, stealthy swim, large bone plates 1,
mutation resistance 1, screaming 1
}: 3/15 runes: decaying, serpentine, silver
a: Heroism, Finesse, Renounce Religion, Evoke Invisibility, Evoke Flight


You were on level 5 of the Vaults.
You worshipped Okawaru.
Okawaru was exalted by your worship.
You were not hungry.

You visited 7 branches of the dungeon, and saw 35 of its levels.
You visited the Abyss 1 time.

You collected 4006 gold pieces.
You spent 2513 gold pieces at shops.

Inventory:

Hand Weapons
 a - a +9 vampiric demon trident (weapon) {!w}
   (You took it off Urug on level 2 of the Lair of Beasts)
Missiles
 s - 14 javelins of returning (quivered)
 u - 5 throwing nets {!f}
 B - 11 javelins of penetration
 G - 5 silver javelins
 V - 2 poisoned javelins
Armour
 g - a +1 cloak of magic resistance (worn)
   (Okawaru gifted it to you on level 4 of the Vaults)
 n - the -4 helmet of Ykhleab (worn) {+Fly rElec Dex+4}
   (Okawaru gifted it to you on level 5 of the Vaults)

   It affects your dexterity (+4).
   It insulates you from electricity.
   It lets you fly.
 A - the +2 pair of gloves of the Spider Nest (worn) {+Inv Regen+ SInv}
   (You acquired it on level 7 of the Dungeon)

   It lets you see invisible.
   It lets you turn invisible.
   It increases your rate of regeneration.
 D - the +1 pair of boots "Fisyonk" (worn) {MR+ Str+4}
   (Okawaru gifted it to you on level 4 of the Lair of Beasts)

   It affects your strength (+4).
   It affects your resistance to hostile enchantments.
 L - the +5 ring mail "Idwat" (worn) {-Cast Regen+ Str+8}
   (Okawaru gifted it to you on level 2 of the Vaults)

   It affects your strength (+8).
   It prevents spellcasting.
   It increases your rate of regeneration.
 X - a +0 shield of fire resistance (worn)
   (You took it off a naga warrior on level 4 of the Snake Pit)
Jewellery
 i - an uncursed ring of protection from fire
   (You found it on level 3 of the Snake Pit)
 l - the ring of Tuototze {rPois Str+4 Stlth-}
   (You bought it in a shop on level 2 of the Orcish Mines)

   [ring of attention]

   It affects your strength (+4).
   It protects you from poison.
   It makes you less stealthy.
 o - a ring of protection from cold (right hand)
   (You found it on level 13 of the Dungeon)
 w - the amulet of the Air (around neck) {Inacc +Fly rElec EV+5 RMsl}
   (You found it on level 6 of the Dungeon)

   [amulet of inaccuracy]

   It reduces the accuracy of all your attacks.
   It affects your evasion (+5).
   It insulates you from electricity.
   It lets you fly.
   It protects you from missiles.
 K - the ring of Kyomeif {*Corrode rElec rPois rF+ MR+}
   (You found it on level 5 of the Vaults)

   [ring of protection from magic]

   It protects you from fire.
   It insulates you from electricity.
   It protects you from poison.
   It affects your resistance to hostile enchantments.
   It may corrode you when you take damage.
 S - the ring "Tylumisi" (left hand) {MR+ EV+4}
   (You bought it in a shop on level 2 of the Orcish Mines)

   [ring of evasion]

   It affects your evasion (+4).
   It affects your resistance to hostile enchantments.
Wands
 c - a wand of disintegration (27)
   (You found it on level 5 of the Lair of Beasts)
 d - a wand of iceblast (40)
   (You found it on level 3 of the Lair of Beasts)
 t - a wand of flame (52)
   (You took it off Robin on level 4 of the Dungeon)
 v - a wand of digging (6)
   (You found it on level 1 of the Snake Pit)
 U - a wand of polymorph (34)
   (You found it on level 4 of the Lair of Beasts)
Scrolls
 m - 2 scrolls of magic mapping
 p - 13 scrolls of teleportation {@r4}
 y - 6 scrolls of immolation {!r}
 C - 6 scrolls of fog
 I - a scroll of vulnerability {!r}
 N - 13 scrolls of remove curse {@r2}
 T - 3 scrolls of identify {@r1}
 W - 9 scrolls of fear
 Y - 3 scrolls of blinking
Potions
 b - a potion of invisibility
 h - 6 potions of might
 j - 10 potions of curing {@q1}
 k - 7 potions of brilliance
 q - 3 potions of heal wounds {@q2}
 r - 5 potions of cancellation
 x - 3 potions of agility
 z - 2 potions of mutation {!q}
 E - 3 potions of haste {@q3}
 M - 6 potions of lignification {!q}
 P - 2 potions of flight
 Z - a potion of magic
Miscellaneous
 F - a fan of gales
   (You found it on level 4 of the Lair of Beasts)
 H - a sack of spiders
 J - a lamp of fire
   (You found it on level 5 of the Lair of Beasts)
 O - a phial of floods
   (You found it on level 9 of the Dungeon)
 R - a phantom mirror
Comestibles
 e - 62 rations {!d}
 Q - a chunk of flesh


   Skills:
 - Level 15.0 Fighting
 - Level 20.0 Polearms
 - Level 16.0 Throwing
 - Level 10.0 Armour
 - Level 12.0 Dodging
 - Level 15.0 Shields
 + Level 7.9 Spellcasting
 + Level 8.6 Summonings
 + Level 9.4 Ice Magic
 + Level 7.2 Air Magic
 - Level 8.0 Invocations
 - Level 14.0 Evocations


You had 28 spell levels left.
You knew the following spells:

 Your Spells              Type           Power        Failure   Level  Hunger
d - Summon Ice Beast      Ice/Summ       ###.....     4%          4    ####...
z - Summon Lightning Spi  Summ/Air       ###.....     8%          4    ####...

Your spell library contained the following spells:

 Spells                   Type           Power        Failure   Level  Hunger
 Freeze                   Ice            ####         1%          1    None
 Summon Small Mammal      Summ           ###.         1%          1    None
 Call Imp                 Summ           ###.....     1%          2    #......
 Call Canine Familiar     Summ           ###.....     1%          3    ###....
 Shock                    Conj/Air       ##..         4%          1    None
 Ensorcelled Hibernation  Hex/Ice        ##....       4%          2    #......
 Throw Frost              Conj/Ice       ##....       4%          2    #......
 Poisonous Vapours        Pois/Air       ##....       7%          2    #......
 Swiftness                Chrm/Air       ##......     7%          2    #......
 Ozocubu's Armour         Chrm/Ice       ##......     9%          3    ###....
 Summon Guardian Golem    Hex/Summ       ##......     11%         3    ###....
 Airstrike                Air            ###.......   11%         4    ####...
 Static Discharge         Conj/Air       ##......     14%         3    ###....
 Animate Skeleton         Necr           N/A          22%         1    None
 Apportation              Tloc           #.....       22%         1    None
 Beastly Appendage        Tmut           #.....       22%         1    None
 Confusing Touch          Hex            #.....       22%         1    None
 Flame Tongue             Conj/Fire      #....        22%         1    None
 Sandblast                Erth           #.....       22%         1    None
 Sting                    Conj/Pois      #...         22%         1    None
 Mephitic Cloud           Conj/Pois/Air  #.......     24%         3    ###....
 Ice Form                 Ice/Tmut       ##......     30%         4    ####...
 Throw Icicle             Conj/Ice       ##......     30%         4    ####...
 Passwall                 Tmut/Erth      #.......     32%         2    #......
 Sticks to Snakes         Tmut           #.......     32%         2    #......
 Throw Flame              Conj/Fire      #.....       32%         2    #......
 Conjure Flame            Conj/Fire      #.......     54%         3    ###....
 Inner Flame              Hex/Fire       #.......     54%         3    ###....
 Spider Form              Tmut/Pois      #.........   54%         3    ###....
 Stone Arrow              Conj/Erth      #.....       54%         3    ###....
 Shadow Creatures         Summ           N/A          67%         6    #######
 Lightning Bolt           Conj/Air       ##........   78%         5    ######.
 Silence                  Hex/Air        ##........   78%         5    ######.
 Olgreb's Toxic Radiance  Pois           #.......     91%         4    ####...
 Passage of Golubria      Tloc           N/A          91%         4    ####...
 Petrify                  Tmut/Erth      #.......     91%         4    ####...
 Sticky Flame             Conj/Fire      #.......     91%         4    ####...
 Blade Hands              Tmut           #.........   99%         5    ######.
 Borgnjor's Vile Clutch   Necr/Erth      #.........   99%         5    ######.
 Fireball                 Conj/Fire      #.........   99%         5    ######.
 Lee's Rapid Deconstruct  Erth           #.........   99%         5    ######.
 Venom Bolt               Conj/Pois      #.........   99%         5    ######.
 Darkness                 Hex            #.........   100%        6    #######
 Invisibility             Hex            #.......     100%        6    #######
 Haunt                    Necr/Summ      ##........   100%        7    #######
 Borgnjor's Revivificati  Necr           #.........   100%        8    #######
 Death's Door             Chrm/Necr      #.........   100%        8    #######
 Ignition                 Fire           #.........   100%        8    #######
 Infestation              Necr           #.........   100%        8    #######
 Necromutation            Tmut/Necr      #.........   100%        8    #######
 Shatter                  Erth           #.........   100%        9    #######
 Tornado                  Air            ###.......   100%        9    #######


Dungeon Overview and Level Annotations

Branches:
Dungeon (13/15)            Temple (1/1) D:7            Lair (6/6) D:10
  Swamp (4/4) Lair:4        Snake (4/4) Lair:4        Slime (0/5) Lair:6
    Orc (2/2) D:10            Elf (0/3) Orc:2        Vaults (5/5) D:13
  Crypt (0/3) Vaults:3

Altars:
Ashenzari
Cheibriados
Dithmenos
Elyvilon
Fedhas
Gozag
Hepliaklqana
Kikubaaqudgha
Makhleb
Nemelex Xobeh
Okawaru
Qazlal
Ru
Sif Muna
Trog
Uskayaw
Vehumet
Wu Jian
Xom
Yredelemnul
Zin
The Shining One
Jiyva

Shops:
D:5 =   D:10 [   Orc:2 *=(*=   Snake:2 (*   Snake:3 !


Innate Abilities, Weirdness & Mutations

You revert to your normal form in water You are very nimble and swift while swimming.
You are very stealthy in the water. (Stealth+)
You are partially covered in large bone plates. (SH +4)
You are somewhat resistant to further mutation.
You occasionally shout uncontrollably at your foes.


Message History

The tengu reaver hits you but does no damage.
The tengu reaver misses you. You block the tengu reaver's attack.
You block the yaktaur captain's attack.
Unknown command.
Attack whom?
Aim: a flayed ghost You reach to attack!
You barely miss the flayed ghost.
The yaktaur captain unwields a +0 arbalest.
You block the yaktaur captain's attack.
The flayed ghost stares at you with tortured malice.
Terrible wounds spread across more of your body!
* * * LOW HITPOINT WARNING * * *
Unknown command.
Attack whom?
Aim: a flayed ghost You reach to attack!
You impale the flayed ghost!! The yaktaur captain hits you!
* * * LOW HITPOINT WARNING * * *
You block the vault warden's attack. You block the ettin's attack.
The ettin closely misses you.
The tengu reaver casts a spell.
The tengu reaver conjures a globe of magical energy!
A battlesphere comes into view.
Attack whom?
Aim: a flayed ghost (moderately damaged)
You reach to attack!
You miss the flayed ghost.
The yaktaur captain completely misses you.
Attack whom?
Aim: a flayed ghost (moderately damaged)
The yaktaur captain is in the way.
You puncture the yaktaur captain! The yaktaur captain closely misses you.
You block the vault warden's attack.
The tengu reaver hits you with a +0 long sword.
* * * LOW HITPOINT WARNING * * *
The tengu reaver pecks you but does no damage.
You block the tengu reaver's attack. The ettin completely misses you.
The ettin hits you with a +0 dire flail.
* * * LOW HITPOINT WARNING * * *
You block the yaktaur captain's attack.
You feel much better.
The vault guard hits you but does no damage.
The yaktaur captain hits you.
* * * LOW HITPOINT WARNING * * *
You block the yaktaur captain's attack. You block the ettin's attack. x2
The vault warden hits you from afar with a +4 halberd of chopping!!
* * * LOW HITPOINT WARNING * * *
* * * LOW HITPOINT WARNING * * *
The tengu reaver points at you and mumbles some strange words.
The bolt of lightning misses you.
The battlesphere fires!
The barrage of energy hits you.
You die...

....# #....##.#.#.#.#.# .....
#)...#.#.#.#.#.#.
.....##.....#.#.#.#.#.#
......#....#.#.#.#.#.#.
..............#.#.#.#.#
#######....)...#.########
........pW<<.[.......
.......Qpcp)<........
.......C@c<<).........
.......*..)...........
##########..).....#######
#.................##########
#...#......#....##+.........
...#...##..(..#....#....+##+...
...#....#.....#....#....#..#...
#...#....##....#....#....#.?#...
##...##....###..#....#....'##+...


You could see a vault warden, a tengu reaver, 2 yaktaur captains, a vault guard,
an ettin, a flayed ghost, an ironbrand convoker and a battlesphere.

Vanquished Creatures
  2 ancient liches (Vaults:5)
  Mennas (Vaults:4)
  Sojobo (Vaults:4)
  Vashnia (Snake:4)
  Saint Roka (Vaults:4)
  A golden dragon (Vaults:5)
  Nikola (Vaults:1)
  Jory (Vaults:3)
  Rupert (D:13)
  A tentacled monstrosity (Vaults:5)
  Asterion (Snake:3)
  2 tengu reavers (Vaults:4)
  A sphinx (Vaults:4)
  Frances (Swamp:1)
  3 tentacled starspawn
  2 thorn hunters (Swamp:4)
  3 shadow dragons
  9 nagarajas
  Kirke (Swamp:1)
  2 fire giants (Vaults:5)
  4 frost giants
  2 deep elf sorcerers (Vaults:5)
  2 iron dragons
  15 vault wardens
  A deep elf elementalist (Vaults:5)
  10 ironheart preservers
  2 war gargoyles
  8 stone giants
  4 very ugly things
  The ghost of marthius the Geomancer, a journeyman DEEE of Makhleb (Orc:2)
  A deep elf demonologist (Vaults:4)
  3 deep elf annihilators
  3 entropy weavers
  The ghost of Furaaq the Severer, a journeyman MiFi of Okawaru (Lair:3)
  3 ettins
  A blizzard demon (Abyss:4)
  A deep elf death mage (Vaults:5)
  2 fire dragons
  10 yaktaur captains
  A great orb of eyes (Vaults:5)
  2 deep elf high priests (Vaults:5)
  33 vault guards
  11 ogre magi
  2 rakshasas
  6 centaur warriors
  7 ice dragons
  A ghost crab (Swamp:2)
  20 hydras
  3 shambling mangroves
  11 naga warriors
  8 alligators
  8 anacondas
  38 two-headed ogres
  The ghost of Rwicked the Thaumaturge, a journeyman DEFE of Vehumet (Lair:2)
  A two-headed ogre (shapeshifter) (Vaults:4)
  3 death knights
  A tengu warrior (D:13)
  2 spriggan berserkers (Swamp:4)
  A deep troll earth mage (Vaults:5)
  Urug (Lair:2)
  3 death yaks (Lair:6)
  6 shock serpents
  3 orc high priests (Orc:2)
  3 thrashing horrors (Abyss:4)
  A hell knight (Vaults:5)
  16 naga sharpshooters
  Nergalle (D:10)
  3 deep elf knights
  A shadow wraith (Vaults:5)
  The ghost of Raspi the Cruncher, a novice GrGl of Okawaru (D:9)
  A spatial maelstrom (Abyss:3)
  A large abomination (Abyss:4)
  2 salamander mystics (Snake:3)
  A wretched star (Abyss:4)
  3 wizards (Vaults:3)
  5 sea snakes
  6 skeletal warriors
  12 swamp dragons
  A lindwurm (Lair:6)
  2 flayed ghosts
  4 phantasmal warriors
  3 unseen horrors
  An orange crystal statue (Vaults:3)
  5 harpies (Vaults:1)
  7 naga ritualists
  10 deep elf magi
  7 deep trolls
  16 orc knights
  2 deep elf archers
  3 necromancers
  19 ironbrand convokers
  A harpy (shapeshifter) (Vaults:3)
  A stone giant zombie (Vaults:2)
  9 mana vipers
  7 orc sorcerers
  4 cyclopes
  8 salamanders
  2 manticores
  A human zombie (Vaults:2)
  13 ugly things
  4 wolf spiders
  A worldbinder (Abyss:3)
  A frost giant skeleton (Vaults:1)
  2 human skeletons
  A moth of wrath (shapeshifter) (Vaults:4)
  2 oklob plants (Lair:2)
  9 vault sentinels
  24 black mambas
  A moth of wrath (Lair:2)
  19 naga magi
  2 fire giant skeletons (Vaults:5)
  A smoke demon (Abyss:3)
  Joseph (D:10)
  2 stone giant skeletons
  A guardian serpent (Snake:1)
  8 elephants
  3 molten gargoyles (Lair:6)
  17 spiny frogs
  An orange demon (Abyss:3)
  A spiny frog (shapeshifter) (Vaults:2)
  2 rime drakes
  55 yaktaurs
  16 komodo dragons
  4 freezing wraiths
  10 trolls
  A queen bee (Lair:2)
  A hellwing (Abyss:3)
  9 tyrant leeches
  3 ancient zymes (Abyss:3)
  A meliai (D:13)
  2 polar bears
  Grinder (D:3)
  A jumping spider (Vaults:3)
  14 bog bodies
  9 hippogriffs
  2 raiju
  A fire giant simulacrum (Vaults:1)
  13 hornets
  9 blink frogs
  A meliai zombie (D:13)
  A snapping turtle (D:12)
  A dream sheep (shapeshifter) (Vaults:5)
  49 slime creatures
  A redback (shapeshifter) (Vaults:5)
  Sigmund (D:3)
  9 spriggans
  A human simulacrum (Vaults:1)
  2 wraiths
  2 ynoxinuls
  A shadow (D:12)
  4 redbacks
  A yak (shapeshifter) (Vaults:1)
  10 basilisks
  6 wyverns
  37 yaks
  3 fire bats (Abyss:4)
  12 vampire mosquitoes
  2 basilisks (shapeshifter)
  3 chaos spawn
  A neqoxec (Abyss:3)
  4 steam dragons
  7 wargs
  32 nagas
  An acid dragon (D:13)
  4 insubstantial wisps (Swamp:3)
  11 water moccasins
  A soldier ant (D:13)
  12 swamp worms
  A water moccasin (shapeshifter) (Vaults:3)
  4 hell hounds (Lair:6)
  35 orc warriors
  13 porcupines
  An eye of draining (D:13)
  3 sky beasts
  An ice beast (D:13)
  A sky beast (shapeshifter) (Vaults:4)
  An orc zombie (Vaults:1)
  13 swamp drakes
  2 black bears (D:9)
  38 ogres
  A phantom (D:11)
  An eye of draining (shapeshifter) (Vaults:4)
  6 wolves
  7 centaurs
  14 crocodiles
  A small abomination (Abyss:3)
  10 bullfrogs
  4 big kobolds
  A wyvern zombie (D:13)
  A gnoll sergeant (Orc:1)
  An elf simulacrum (Vaults:1)
  A water moccasin zombie (D:9)
  A wyvern skeleton (D:13)
  4 scorpions
  35 killer bees
  5 wights (D:7)
  6 electric eels
  A howler monkey (D:8)
  A spectral centaur (D:9)
  6 crimson imps
  5 lava snakes (Lair:6)
  2 centaur zombies
  3 bullfrog zombies
  5 hounds
  A wyvern simulacrum (D:9)
  2 jellies
  24 orc priests
  5 centaur skeletons
  22 orc wizards
  An iron imp (Abyss:3)
  Ijyb (D:4)
  7 iguanas
  12 worker ants
  2 bullfrog simulacra (D:9)
  A centaur simulacrum (D:9)
  2 hound zombies
  A hound skeleton (D:10)
  3 worker ant zombies
  Robin (D:4)
  12 gnolls
  9 adders
  A river rat (Lair:2)
  4 shadow imps
  2 white imps (Abyss:3)
  An ooze (D:1)
  3 adder skeletons (D:4)
  A dart slug (D:2)
  3 leopard geckos
  84 orcs
  2 ball pythons
  5 giant cockroaches
  4 hobgoblins
  14 jackals
  2 quokkas
  6 bats
  6 frilled lizards
  18 goblins
  23 kobolds
  11 rats
  3 fungi (Lair:3)
  4 plants (D:10)
1479 creatures vanquished.

Vanquished Creatures (collateral kills)
  2 azure jellies (Lair:6)
  A vault guard (Vaults:4)
  A centaur (D:10)
  A killer bee (Lair:2)
5 creatures vanquished.

Vanquished Creatures (others)
  A deep elf mage (Vaults:3)
  A naga mage (Snake:4)
  2 hornets (Swamp:2)
  A wyvern (Lair:6)
  6 humans (Swamp:1)
  An ogre (Vaults:5)
  An orc priest (Orc:2)
  4 fungi
  12 plants
  6 starspawn tentacles (Abyss:3)
35 creatures vanquished.

Grand Total: 1519 creatures vanquished

Notes
Turn   | Place    | Note
-------+----------+-------------------------------------------
     0 | D:1      | MalarOregon the Merfolk Gladiator began the quest for the
                  | Orb.
     0 | D:1      | Reached XP level 1. HP: 16/16 MP: 1/1
   250 | D:1      | Reached XP level 2. HP: 23/23 MP: 2/2
   305 | D:1      | Reached skill level 5 in Polearms
   699 | D:2      | Reached XP level 3. HP: 24/28 MP: 3/3
   915 | D:2      | Found a shattered altar of Ashenzari.
  1042 | D:2      | Reached skill level 1 in Shields
  1252 | D:2      | Found a glowing silver altar of Zin.
  1462 | D:3      | Reached XP level 4. HP: 34/34 MP: 4/4
  1531 | D:3      | Found an iron altar of Okawaru.
  1560 | D:3      | Became a worshipper of Warmaster Okawaru
  1571 | D:3      | Noticed Sigmund
  1578 | D:3      | Killed Sigmund
  1578 | D:3      | Reached skill level 6 in Polearms
  1578 | D:3      | Reached skill level 5 in Dodging
  1578 | D:3      | Reached XP level 5. HP: 28/41 MP: 5/5
  1578 | D:3      | Reached XP level 6. HP: 33/47 MP: 6/6
  1597 | D:3      | Reached skill level 7 in Polearms
  1823 | D:3      | Noticed Grinder
  1825 | D:3      | Paralysed by Grinder for 4 turns
  1842 | D:3      | Killed Grinder
  1842 | D:3      | Reached * piety under Okawaru
  1842 | D:3      | Reached XP level 7. HP: 36/54 MP: 7/7
  2184 | D:4      | Reached skill level 8 in Polearms
  2493 | D:4      | Noticed Ijyb
  2632 | D:5      | Entered Level 5 of the Dungeon
  2638 | D:4      | Paralysed by Ijyb for 3 turns
  2657 | D:4      | Paralysed by Ijyb for 4 turns
  2665 | D:4      | Killed Ijyb
  2673 | D:4      | Noticed Robin
  2692 | D:4      | Killed Robin
  3106 | D:4      | Reached skill level 9 in Polearms
  3189 | D:4      | Found a deep blue altar of Sif Muna.
  3213 | D:4      | Found a shadowy altar of Dithmenos.
  3328 | D:4      | Reached XP level 8. HP: 48/61 MP: 8/8
  3933 | D:5      | Reached skill level 5 in Fighting
  4034 | D:5      | Reached ** piety under Okawaru
  4195 | D:5      | Reached skill level 1 in Armour
  4285 | D:5      | Reached skill level 10 in Polearms
  4377 | D:5      | Found a sparkling altar of Nemelex Xobeh.
  4445 | D:5      | Found Cediw's Jewellery Shop.
  4696 | D:6      | Found the amulet of the Air {Inacc +Fly rElec EV+5 RMsl}
  4859 | D:6      | Reached XP level 9. HP: 68/68 MP: 9/9
  4929 | D:6      | Found a stormy altar of Qazlal.
  5117 | D:6      | Found a sparkling altar of Nemelex Xobeh.
  5390 | D:7      | Found a staircase to the Ecumenical Temple.
  5455 | Temple   | Entered the Ecumenical Temple
  5738 | D:7      | Reached skill level 11 in Polearms
  5765 | D:7      | Identified a scroll of acquirement
  5766 | D:7      | Got a pair of faintly humming gloves
  5777 | D:7      | Identified the +2 pair of gloves of the Spider Nest {+Inv
                  | Regen+ SInv} (You acquired it on level 7 of the Dungeon)
  5836 | D:7      | Reached *** piety under Okawaru
  6208 | D:7      | Reached skill level 1 in Invocations
  6441 | D:7      | Found an ornate altar of the Wu Jian Council.
  6516 | D:8      | Found a sacrificial altar of Ru.
  6522 | D:8      | Noticed a two-headed ogre
  6649 | D:8      | Found a hide-covered altar of Uskayaw.
  6657 | D:8      | Reached skill level 1 in Evocations
  6743 | D:8      | Reached skill level 5 in Shields
  6813 | D:8      | Killed a two-headed ogre
  6813 | D:8      | Reached **** piety under Okawaru
  6813 | D:8      | Reached XP level 10. HP: 51/77 MP: 8/11
  6877 | D:8      | Reached skill level 12 in Polearms
  7406 | D:9      | Found a basalt altar of Yredelemnul.
  7705 | D:9      | Found a runed translucent gate.
  7706 | D:9      | Found a runed translucent gate.
  7815 | D:9      | Found a runed translucent gate.
  7827 | D:9      | Noticed Raspi's ghost (novice GrGl)
  7894 | D:9      | Reached skill level 5 in Throwing
  8180 | D:10     | Entered Level 10 of the Dungeon
  8180 | D:10     | Noticed Nergalle
  8196 | D:10     | Killed Nergalle
  8300 | D:10     | Reached ***** piety under Okawaru
  8422 | D:10     | Reached skill level 13 in Polearms
  8501 | D:10     | Found a staircase to the Lair.
  8550 | D:10     | Reached XP level 11. HP: 73/84 MP: 13/13
  8711 | D:10     | Found a staircase to the Orcish Mines.
  9009 | D:10     | Received a gift from Okawaru
  9010 | D:10     | Got a fine glaive {god gift}
  9057 | D:10     | Identified the +6 glaive of Okawaru's Hatred {venom, rF++
                  | Str-2} (Okawaru gifted it to you on level 10 of the
                  | Dungeon)
  9129 | D:10     | Found Ycwoone's Antique Armour Boutique.
  9500 | Lair:1   | Entered Level 1 of the Lair of Beasts
  9749 | Lair:1   | Noticed Joseph
  9796 | D:10     | Reached skill level 14 in Polearms
  9889 | D:10     | Reached skill level 10 in Dodging
 10085 | D:10     | Killed Joseph
 11061 | Lair:1   | Received a gift from Okawaru
 11174 | Lair:2   | Reached XP level 12. HP: 94/94 MP: 15/15
 11299 | Lair:2   | Found a transporter.
 11299 | Lair:2   | Found a transporter.
 11572 | Lair:2   | Identified the +3 trident "Homuypel" {pierce, rElec MR+
                  | Str-5 Int+9}
 11572 | Lair:2   | Noticed a spriggan rider
 11572 | Lair:2   | Identified the +6 demon trident "Piufen" {antimagic, +Fly
                  | rC- rN+ Stlth+}
 11572 | Lair:2   | Noticed a spriggan rider
 11573 | Lair:2   | Noticed Rwicked's ghost (journeyman DEFE)
 11580 | Lair:2   | Reached skill level 5 in Evocations
 11596 | Lair:2   | Noticed Urug
 11664 | Lair:2   | Got a scorched chain mail
 11680 | Lair:2   | Identified the +3 chain mail of Odwiugiu {rF+ MR- Str+3}
                  | (You found it on level 2 of the Lair of Beasts)
 11704 | Lair:2   | Killed Urug
 12355 | Lair:2   | Found a bloodstained altar of Trog.
 12480 | Lair:2   | Reached skill level 5 in Armour
 13136 | Lair:3   | Received a gift from Okawaru
 13317 | Lair:3   | Reached skill level 5 in Invocations
 13432 | Lair:3   | Reached XP level 13. HP: 76/101 MP: 17/17
 13491 | Lair:3   | Found a runed translucent gate.
 13491 | Lair:3   | Found a runed translucent gate.
 13491 | Lair:3   | Found a runed translucent gate.
 13492 | Lair:3   | Noticed Furaaq's ghost (journeyman MiFi)
 14109 | Lair:4   | Found a burning altar of Makhleb.
 14127 | Lair:4   | Found a staircase to the Snake Pit.
 14225 | Lair:4   | Received a gift from Okawaru
 14231 | Lair:4   | Got a pair of ichor-stained boots {god gift}
 14237 | Lair:4   | Identified the +1 pair of boots "Fisyonk" {MR+ Str+4}
                  | (Okawaru gifted it to you on level 4 of the Lair of Beasts)
 14388 | Lair:4   | You fall through a shaft for 2 floors!
 14388 | Lair:6   | Entered Level 6 of the Lair of Beasts
 14388 | Lair:6   | Found a large runed translucent door.
 14388 | Lair:6   | Found a large runed translucent door.
 14469 | Lair:6   | Noticed a fire dragon
 15072 | Lair:6   | Reached skill level 10 in Fighting
 15337 | Lair:5   | Reached ****** piety under Okawaru
 15364 | Lair:5   | Received a gift from Okawaru
 15547 | Lair:5   | You fall through a shaft!
 15669 | Lair:6   | Found a runed translucent door.
 15669 | Lair:6   | Found a viscous altar of Jiyva.
 15669 | Lair:6   | Found a staircase to the Slime Pits.
 15669 | Lair:6   | Noticed an azure jelly
 15669 | Lair:6   | Noticed an azure jelly
 15683 | Lair:6   | Reached XP level 14. HP: 97/110 MP: 19/19
 15983 | Lair:6   | Reached skill level 15 in Polearms
 17323 | Lair:4   | Found a staircase to the Swamp.
 17898 | D:9      | Killed Raspi's ghost
 18045 | Lair:2   | Learned a level 4 spell: Summon Ice Beast
 18050 | Lair:2   | Learned a level 4 spell: Summon Lightning Spire
 18210 | Lair:2   | Killed Rwicked's ghost
 18338 | Lair:3   | Killed Furaaq's ghost
 18348 | Lair:3   | Got a bloodstained scimitar
 18351 | Lair:3   | Identified the +3 scimitar "Leviticus" {venom, rN+} (You
                  | found it on level 3 of the Lair of Beasts)
 18440 | Lair:6   | Killed an azure jelly
 18444 | Lair:6   | Killed an azure jelly
 18757 | D:11     | Received a gift from Okawaru
 18757 | D:11     | Reached skill level 10 in Shields
 18889 | D:11     | Received a gift from Okawaru
 19097 | D:11     | Got a steaming ring mail
 19108 | D:11     | Identified the cursed +1 ring mail of Weirdness {Str+4}
                  | (You found it on level 11 of the Dungeon)
 20247 | D:13     | Noticed Rupert
 20293 | D:13     | Killed Rupert
 20446 | D:13     | Reached skill level 16 in Polearms
 20484 | D:13     | Reached skill level 10 in Throwing
 20967 | D:13     | Reached XP level 15. HP: 62/115 MP: 21/21
 21117 | D:13     | Received a gift from Okawaru
 21407 | D:13     | Found a gate to the Vaults.
 21494 | D:13     | Received a gift from Okawaru
 21699 | D:10     | Bought a runed scarf for 200 gold pieces
 21699 | D:10     | Bought a runed large shield for 187 gold pieces
 21699 | D:10     | Bought a runed scale mail for 175 gold pieces
 21905 | Orc:1    | Entered Level 1 of the Orcish Mines
 22163 | Orc:1    | Received a gift from Okawaru
 22328 | Orc:2    | Entered Level 2 of the Orcish Mines
 22525 | Orc:2    | Found Foeh's Jewellery Shop.
 22776 | Orc:2    | Found a large runed translucent door.
 22776 | Orc:2    | Found a large runed translucent door.
 22780 | Orc:2    | Noticed marthius's ghost (journeyman DEEE)
 22860 | Orc:2    | Found Epainat's General Store.
 22867 | Orc:2    | Bought a scroll of brand weapon for 340 gold pieces
 22976 | Orc:2    | Found a staircase to the Elven Halls.
 23028 | Orc:2    | Received a gift from Okawaru
 23069 | Orc:2    | Found Loeph's Jewellery Shop.
 23070 | Orc:2    | Found Ymouqy's Antique Weapon Shoppe.
 23071 | Orc:2    | Found Voshrott's Assorted Antiques.
 23082 | Orc:2    | Bought the ring "Tylumisi" {MR+ EV+4} for 680 gold pieces
 23082 | Orc:2    | Bought the ring of Tuototze {rPois Str+4 Stlth-} for 379
                  | gold pieces
 23159 | Orc:2    | Received a gift from Okawaru
 23172 | Orc:2    | Got a translucent scale mail {god gift}
 23388 | Orc:2    | Killed marthius's ghost
 23406 | Orc:2    | Identified the +4 scale mail of Yvoopt {Stlth+} (Okawaru
                  | gifted it to you on level 2 of the Orcish Mines)
 24023 | Orc:2    | Bought a potion of heal wounds for 125 gold pieces
 24023 | Orc:2    | Bought a potion of might for 100 gold pieces
 24023 | Orc:2    | Bought a scroll of magic mapping for 87 gold pieces
 24142 | Snake:1  | Entered Level 1 of the Snake Pit
 24291 | Snake:1  | Reached skill level 17 in Polearms
 24291 | Snake:1  | Reached skill level 10 in Evocations
 24794 | Snake:1  | Reached XP level 16. HP: 118/122 MP: 23/23
 24982 | Snake:1  | Received a gift from Okawaru
 25153 | Snake:2  | Found Baaghudi's Bounteous Boutique.
 25237 | Snake:2  | Cast into level 3 of the Abyss (the power of Zot)
 25293 | Abyss:3  | Gained mutation: You occasionally shout uncontrollably at
                  | your foes. [a neqoxec]
 25462 | Abyss:3  | Found a corrupted altar of Lugonu.
 25477 | Abyss:3  | Noticed a tentacled starspawn
 25486 | Abyss:3  | Killed a tentacled starspawn
 25529 | Abyss:3  | Noticed a tentacled starspawn
 25539 | Abyss:3  | Killed a tentacled starspawn
 25539 | Abyss:3  | Received a gift from Okawaru
 25716 | Abyss:4  | Noticed a tentacled starspawn
 25724 | Abyss:4  | Killed a tentacled starspawn
 25733 | Abyss:4  | Paralysed by accursed screaming for 1 turns
 25746 | Abyss:4  | Noticed a lich
 25748 | Snake:2  | Escaped the Abyss
 25912 | Snake:2  | Identified a +1 pair of boots of running (Okawaru gifted it
                  | to you on level 3 of the Abyss)
 26052 | Snake:2  | Found Danigem's Weapon Shoppe.
 26061 | Snake:2  | Reached skill level 18 in Polearms
 26403 | Snake:3  | Noticed a nagaraja
 26422 | Snake:3  | Killed a nagaraja
 26556 | Snake:3  | Noticed a nagaraja
 26576 | Snake:3  | Killed a nagaraja
 26836 | Snake:3  | Received a gift from Okawaru
 27358 | Snake:3  | Noticed Asterion
 27365 | Snake:3  | Reached XP level 17. HP: 128/128 MP: 24/24
 27373 | Snake:3  | Killed Asterion
 27381 | Snake:3  | Found Pewuet Usiu's Distillery.
 27388 | Snake:3  | Bought a potion of heal wounds for 80 gold pieces
 27388 | Snake:3  | Bought a potion of agility for 64 gold pieces
 27388 | Snake:3  | Bought a potion of curing for 48 gold pieces
 27388 | Snake:3  | Bought a potion of curing for 48 gold pieces
 27702 | Snake:4  | Entered Level 4 of the Snake Pit
 27702 | Snake:4  | Noticed Vashnia
 28275 | Snake:4  | Received a gift from Okawaru
 28315 | Snake:4  | Killed Vashnia
 28315 | Snake:4  | Received a gift from Okawaru
 28704 | Snake:3  | Received a gift from Okawaru
 28853 | Snake:3  | Reached skill level 19 in Polearms
 28984 | Snake:4  | Received a gift from Okawaru
 29138 | Snake:4  | Got a heavily runed chain mail {god gift}
 29182 | Snake:4  | Reached skill level 10 in Armour
 29522 | Snake:4  | Got a serpentine rune of Zot
 29756 | Swamp:1  | Entered Level 1 of the Swamp
 29789 | Swamp:1  | Identified the +10 chain mail of Jyisyden {rPois} (Okawaru
                  | gifted it to you on level 4 of the Snake Pit)
 30079 | Swamp:1  | Noticed Frances
 30094 | Swamp:1  | Killed Frances
 30145 | Swamp:1  | Noticed Kirke
 30158 | Swamp:1  | Reached XP level 18. HP: 126/138 MP: 26/26
 30172 | Swamp:1  | Killed Kirke
 30172 | Swamp:1  | Received a gift from Okawaru
 30383 | Swamp:1  | Found a basalt altar of Yredelemnul.
 32519 | Swamp:4  | Entered Level 4 of the Swamp
 32721 | Swamp:4  | Received a gift from Okawaru
 32760 | Swamp:4  | Received a gift from Okawaru
 32792 | Swamp:4  | Received a gift from Okawaru
 32828 | Swamp:4  | Reached skill level 20 in Polearms
 32902 | Swamp:4  | Got a decaying rune of Zot
 33362 | Swamp:4  | Gained mutation: You are frail. (-10% HP) [mutagenic glow]
 33454 | Lair:4   | Lost mutation: You are frail. (-10% HP) [potion of
                  | mutation]
 33454 | Lair:4   | Lost mutation: You occasionally shout uncontrollably at
                  | your foes. [potion of mutation]
 33454 | Lair:4   | Gained mutation: Scrolls take you a little longer to read.
                  | [potion of mutation]
 33454 | Lair:4   | Gained mutation: You are dopey. (Int -2) [potion of
                  | mutation]
 33454 | Lair:4   | Gained mutation: You are robust. (+10% HP) [potion of
                  | mutation]
 33455 | Lair:4   | Lost mutation: You are robust. (+10% HP) [potion of
                  | mutation]
 33455 | Lair:4   | Lost mutation: Scrolls take you a little longer to read.
                  | [potion of mutation]
 33455 | Lair:4   | Lost mutation: You are dopey. (Int -2) [potion of mutation]
 33455 | Lair:4   | Gained mutation: You are partially covered in large bone
                  | plates. (SH +4) [potion of mutation]
 33455 | Lair:4   | Gained mutation: You occasionally shout uncontrollably at
                  | your foes. [potion of mutation]
 33455 | Lair:4   | Gained mutation: You are somewhat resistant to further
                  | mutation. [potion of mutation]
 33624 | Vaults:1 | Entered Level 1 of the Vaults
 33751 | Vaults:1 | You fall through a shaft!
 33938 | Vaults:1 | Received a gift from Okawaru
 34066 | Vaults:1 | Noticed Nikola
 34078 | Vaults:1 | Reached XP level 19. HP: 141/146 MP: 27/27
 34091 | Vaults:1 | Killed Nikola
 34506 | Vaults:1 | Received a gift from Okawaru
 34507 | Vaults:1 | Found the +15 Maxwell's patent armour {-Cast -Tele rElec
                  | MR+ rCorr}
 35329 | Vaults:1 | Reached skill level 1 in Ice Magic
 35335 | Vaults:1 | Reached skill level 1 in Summonings
 35354 | Vaults:1 | Identified the +2 robe "Liofegich" {rF- Int+3} (You found
                  | it on level 1 of the Vaults)
 35382 | Vaults:2 | Reached skill level 1 in Spellcasting
 35382 | Vaults:2 | Reached skill level 1 in Air Magic
 35525 | Vaults:2 | Received a gift from Okawaru
 35599 | Vaults:2 | Received a gift from Okawaru
 35954 | Vaults:2 | Received a gift from Okawaru
 35961 | Vaults:2 | Got a fine ring mail {god gift}
 35994 | Vaults:2 | Identified the +5 ring mail "Idwat" {-Cast Regen+ Str+8}
                  | (Okawaru gifted it to you on level 2 of the Vaults)
 36101 | Vaults:2 | Reached XP level 20. HP: 141/156 MP: 29/29
 36396 | Vaults:2 | Reached skill level 15 in Shields
 37611 | Vaults:3 | Found a staircase to the Crypt.
 37611 | Vaults:3 | Found a basalt altar of Yredelemnul.
 37612 | Vaults:3 | Found an ancient bone altar of Kikubaaqudgha.
 37783 | Vaults:3 | Received a gift from Okawaru
 37851 | Vaults:3 | Reached skill level 15 in Throwing
 37855 | Vaults:3 | Reached skill level 5 in Ice Magic
 38466 | Vaults:4 | Noticed Jory
 38476 | Vaults:4 | Noticed Saint Roka
 38525 | Vaults:3 | Killed Jory
 38525 | Vaults:3 | Reached skill level 5 in Summonings
 38851 | Vaults:4 | Killed Saint Roka
 38851 | Vaults:4 | Reached XP level 21. HP: 99/165 MP: 31/31
 38881 | Vaults:4 | Noticed Mennas
 38920 | Vaults:4 | Killed Mennas
 38920 | Vaults:4 | Reached skill level 5 in Spellcasting
 39005 | Vaults:4 | Received a gift from Okawaru
 39061 | Vaults:4 | Noticed Sojobo
 39080 | Vaults:4 | Killed Sojobo
 39336 | Vaults:4 | Reached skill level 5 in Air Magic
 40520 | Vaults:5 | Entered Level 5 of the Vaults
 40607 | Vaults:4 | Received a gift from Okawaru
 41066 | Vaults:5 | Received a gift from Okawaru
 41193 | Vaults:4 | Reached XP level 22. HP: 102/174 MP: 29/32
 41280 | Vaults:5 | Identified the -4 helmet of Ykhleab {+Fly rElec Dex+4}
                  | (Okawaru gifted it to you on level 5 of the Vaults)
 41343 | Vaults:5 | Got a silver rune of Zot
 41434 | Vaults:5 | Noticed a golden dragon
 41453 | Vaults:5 | Killed a golden dragon
 41551 | Vaults:5 | Reached skill level 15 in Fighting
 41778 | Vaults:5 | Noticed an ancient lich
 41809 | Vaults:5 | Killed an ancient lich
 41970 | Vaults:5 | Received a gift from Okawaru
 42042 | Vaults:5 | Noticed an ancient lich
 42062 | Vaults:5 | Killed an ancient lich
 42071 | Vaults:5 | Received a gift from Okawaru
 42228 | Vaults:5 | Got a steaming wooden ring
 42230 | Vaults:5 | Identified the ring of Kyomeif {*Corrode rElec rPois rF+
                  | MR+} (You found it on level 5 of the Vaults)
 42271 | Vaults:5 | HP: 4/175 [vault warden/+4 halberd of chopping (6)]
 42271 | Vaults:5 | Killed from afar by a battlesphere

Skill      XL: |  1  2  3  4  5  6  7  8  9 10 11 12 13 14 15 16 17 18 19 20 21 22 |
---------------+-------------------------------------------------------------------+-----
Polearms       | 5 6 7 9 10 11 13 14 16 17 18 19 20 | 20.0
Shields        | 1 2 3 4 5 6 7 8 9 10 11 12 13 14 15 | 15.0
Fighting       | 3 4 5 6 7 8 9 10 11 12 13 14 15 | 15.0
Dodging        | 5 6 7 8 9 10 11 12 | 12.0
Armour         | 1 2 3 4 5 6 7 8 9 10 | 10.0
Throwing       | 3 4 5 6 7 8 10 11 12 13 14 15 16 | 16.0
Invocations    | 2 5 7 8 |  8.0
Evocations     | 1 3 4 5 7 9 10 11 12 13 14 | 14.0
Ice Magic      | 3 5 7 9 |  9.4
Summonings     | 2 5 7 8 |  8.6
Spellcasting   | 2 4 6 7 |  7.9
Air Magic      | 2 4 6 7 |  7.2

Action                   |  1- 3 |  4- 6 |  7- 9 | 10-12 | 13-15 | 16-18 | 19-21 | 22-24 || total
-------------------------+-------+-------+-------+-------+-------+-------+-------+-------++-------
Melee: Trident           |    96 |    75 |   742 |   574 |       |       |       |       ||  1487
       Tailslap          |     3 |       |     7 |     9 |     1 |    83 |     1 |       ||   104
       Glaive            |       |       |       |   539 |    45 |       |       |       ||   584
       Demon trident     |       |       |       |       |  2345 |  1970 |  2215 |   471 ||  7001
       Punch             |       |       |       |       |     1 |       |       |       ||     1
Throw: Stone             |     8 |     6 |     3 |       |       |       |       |       ||    17
       Javelin           |       |       |     8 |       |     6 |    49 |    13 |       ||    76
       Tomahawk          |       |       |       |       |     2 |       |       |       ||     2
Invok: Heroism           |       |       |     2 |    18 |    15 |     3 |     4 |       ||    42
       Finesse           |       |       |       |     1 |     6 |     1 |     2 |       ||    10
 Abil: Evoke Flight      |       |       |       |       |     2 |       |       |       ||     2
       Evoke Invisibilit |       |       |       |       |     2 |       |       |       ||     2
       Stop Flying       |       |       |       |       |     1 |       |       |       ||     1
Evoke: Wand              |       |     1 |     1 |    11 |     9 |     1 |       |       ||    23
       Phial of floods   |       |       |       |     2 |       |       |     2 |       ||     4
       Sack of spiders   |       |       |       |       |     4 |       |       |       ||     4
       Lamp of fire      |       |       |       |       |     1 |     1 |       |       ||     2
  Use: Scroll            |     7 |     1 |     9 |     3 |    24 |     8 |     5 |     5 ||    62
       Potion            |       |       |       |     3 |     6 |     4 |     1 |     1 ||    15
 Stab: Sleeping          |     4 |     3 |     2 |       |       |       |       |       ||     9
       Paralysed         |       |       |       |     3 |       |       |       |       ||     3
       Confused          |       |       |       |     1 |       |     2 |       |       ||     3
       Invisible         |       |       |       |       |     7 |       |       |       ||     7
       Distracted        |       |       |       |       |       |       |     1 |       ||     1
  Eat: Chunk             |     2 |     1 |    17 |    15 |    32 |    18 |    25 |     5 ||   115
       Ration            |       |       |       |     2 |     2 |     4 |       |       ||     8
Armor: Leather armour    |    23 |    15 |    35 |       |       |       |       |       ||    73
       Ring mail         |       |       |    29 |   109 |   148 |    94 |   171 |    37 ||   588
       Skin              |       |       |       |    12 |       |       |       |       ||    12
       Chain mail        |       |       |       |    97 |   199 |   290 |   106 |       ||   692
Dodge: Dodged            |    35 |    31 |   368 |  1028 |  1290 |  1392 |  1023 |   176 ||  5343
       Deflected         |       |       |       |    16 |    31 |   103 |    31 |     8 ||   189
Block: Buckler           |     3 |     4 |   115 |    87 |   539 |   305 |       |       ||  1053
       Shield            |       |       |       |       |       |   640 |  1558 |   228 ||  2426
